cohdb
Replays
Latest Replays
All Replays
Popular Replays
Top Player Replays
Match Explorer
How It Works
Community
CoH3 Stats
Reddit
Sign in to upload your games and track your stats! →
Sign in with Steam
Match 43169125
Unlisted
Match 43169125
Overview
Messages
Build Orders
End
Kradschützen Motorcycle Team
Selects Italian Combined Arms Battlegroup
Selects Bersaglieri Squad
Bersaglieri Squad
Kradschützen Motorcycle Team
Bersaglieri Squad
Bersaglieri Squad
Bersaglieri Squad
Construct Light Support Kompanie
Construct Mechanized Kompanie
Selects Semovente da 75/18 Assault Gun
Semovente da 75/18 Assault Gun
Selects Carro Armato M13/40 Light Tank
Carro Armato M13/40 Light Tank
Kradschützen Motorcycle Team
Selects Pact of Steel
Carro Armato M13/40 Light Tank
LittleRocketMan
딸깍
0
0
Comments
sign in to comment!
No comments posted yet!